Predators vs Senateurs
(R1)
Created - December 12, 2021 at 09:16
Goals
|
Predators |
2 |
1 |
0 |
3 |
Senateurs |
1 |
1 |
0 |
2 |
|
Shots
|
Predators |
9 |
6 |
5 |
20 |
Senateurs |
7 |
10 |
11 |
28 |
|
1st period
1. Predators , Alexander Ovechkin 3 (Mikael Granlund 4, John Moore 1) at 1:50
2. Predators , Mikael Granlund 3 (Andy Miele 2) at 14:00
3. Senateurs , Alexander Wennberg 1 (Dion Phaneuf 2, Rostislav Olesz 1) at 18:38
Penalties :
Alexander Edler (Nas) for Boarding (Minor) at 7:44
2nd period
4. Predators , Andy Miele 2 (Chris Higgins 1, Ryan Mcdonagh 3) at 9:15
5. Senateurs , Alexander Wennberg 2 (Rostislav Olesz 2) at 18:44
Penalties :
Andy Miele (Nas) for Hooking (Minor) at 0:05, Justin Faulk (Nas) for Tripping (Minor) at 3:36, Chris Higgins (Nas) for Hooking (Minor) at 6:50, Alexander Ovechkin (Nas) for Tripping (Minor) at 9:30, Bobby Ryan (Ott) for Delaying the game (Minor) at 15:42, Dion Phaneuf (Ott) for Roughing (Minor) at 19:12
3rd period
No Goal
Penalties :
Dion Phaneuf (Ott) for Tripping (Minor) at 5:17, Dion Phaneuf (Ott) for Hooking (Minor) at 8:04, Nate Prosser (Ott) for Holding (Minor) at 9:47, Justin Faulk (Nas) for Hooking (Minor) at 12:50, Justin Abdelkader (Nas) for Holding (Minor) at 15:14, Anton Gustafsson (Nas) for High sticking (Minor) at 19:05
Goalie Stats
Kari Lehtonen (Nas), 26 saves from 28 shots - (0.929), W, 1-0-0, 60:00 minutes
Viktor Fasth (Ott), 17 saves from 20 shots - (0.850), L, 2-1-0, 59:20 minutes
Players Stats for Predators
Player Name G A P +/- PIM S H SB GA TA FO MP PP MP PK MP
------------------------------------------------------------------------------------
Alexander Edler 0 0 0 1 2 1 1 1 0 0 0/0 28:01 6:30 7:04
Alexander Ovechkin 1 0 1 2 2 2 1 0 1 0 0/0 19:09 5:30 3:40
Andy Miele 1 1 2 3 2 2 0 0 0 1 20/31 23:35 5:30 7:23
Anton Gustafsson 0 0 0 -1 2 0 0 1 1 0 2/4 9:47 0:00 1:32
Brandon Gormley 0 0 0 -1 0 0 0 1 0 1 0/0 11:30 0:31 0:46
Brendan Gallagher 0 0 0 0 0 2 1 0 0 0 0/0 6:31 0:00 1:18
Byron Bitz 0 0 0 -1 0 0 0 1 0 0 1/1 3:35 0:00 0:27
Chris Higgins 0 1 1 0 2 1 1 0 0 0 0/0 10:24 0:25 1:06
Jaden Schwartz 0 0 0 -1 0 2 3 0 1 1 1/1 18:00 3:44 4:32
John Moore 0 1 1 1 0 0 0 0 0 0 0/0 20:58 3:09 6:17
Justin Abdelkader 0 0 0 0 2 1 0 0 0 0 0/2 8:11 1:07 0:18
Justin Faulk 0 0 0 1 4 1 2 0 0 1 0/0 19:20 3:09 4:43
Mark Pysyk 0 0 0 1 0 1 0 1 0 0 1/2 19:10 0:25 8:25
Mikael Granlund 1 1 2 1 0 3 2 0 0 1 0/3 17:05 5:30 0:00
Nate Schmidt 0 0 0 -1 0 0 0 0 0 2 0/0 12:10 0:00 2:14
Ryan Kesler 0 0 0 -1 0 2 1 0 0 0 8/11 14:53 3:44 0:53
Ryan Mcdonagh 0 1 1 1 0 2 0 2 0 2 0/0 28:47 5:59 8:30
Scott Laughton 0 0 0 0 0 0 0 0 1 2 2/3 13:59 3:02 0:00
Players Stats for Senateurs
Player Name G A P +/- PIM S H SB GA TA FO MP PP MP PK MP
------------------------------------------------------------------------------------
Alexander Wennberg 2 0 2 2 0 2 1 0 0 0 3/7 15:51 6:33 0:36
Anthony Bitetto 0 0 0 -1 0 0 1 1 0 1 0/0 13:19 0:00 1:21
Bobby Ryan 0 0 0 -2 2 1 1 0 1 0 0/0 9:33 0:02 0:00
Brad Richardson 0 0 0 0 0 1 0 0 1 0 2/5 7:26 0:00 0:00
Brandon Burlon 0 0 0 1 0 0 1 4 0 0 0/0 22:31 6:01 5:21
Cody Franson 0 0 0 0 0 2 6 2 0 0 0/0 21:43 8:46 2:58
Derek Boogaard 0 0 0 -2 0 1 0 0 0 0 0/0 12:58 0:00 3:17
Dion Phaneuf 0 1 1 0 6 2 1 0 1 1 0/0 22:05 6:01 2:20
Eric Gelinas 0 0 0 -1 0 5 0 1 1 1 0/0 27:08 8:46 5:46
Loui Eriksson 0 0 0 2 0 2 3 0 1 0 0/0 9:16 0:14 0:00
Matt Martin 0 0 0 -1 0 1 4 0 3 0 1/3 22:53 8:10 5:14
Nate Prosser 0 0 0 -1 2 0 0 1 0 0 0/0 13:45 0:00 1:44
Peter Mueller 0 0 0 -2 0 0 0 0 1 0 2/7 11:55 0:00 2:11
Reilly Smith 0 0 0 -1 0 3 3 0 1 0 1/1 19:17 8:12 1:40
Rickard Rakell 0 0 0 0 0 2 2 0 0 0 0/1 14:20 6:23 0:00
Rostislav Olesz 0 2 2 2 0 2 3 0 0 0 0/0 15:23 6:33 0:14
Sergei Kostitsyn 0 0 0 0 0 0 0 0 0 0 0/0 7:26 0:00 0:00
Sidney Crosby 0 0 0 -1 0 4 2 0 1 1 14/34 23:11 8:14 5:37
3 Stars
1 - Alexander Wennberg (Ott)
2 - Mikael Granlund (Nas)
3 - Andy Miele (Nas)
Power Play
Predators - 0 on 5 Attempt(s) - 0.00%
Senateurs - 0 on 8 Attempt(s) - 0.00%
Penalty Kill
Predators - 8 on 8 Attempt(s) - 100.00%
- Score 0 goal in Penalty Kill
Senateurs - 5 on 5 Attempt(s) - 100.00%
- Score 0 goal in Penalty Kill
Team Stat
Predators - Hits : 12 - Faceoff Wins : 35 - Blocked Shots : 7 - Penalty Minutes : 16
Senateurs - Hits : 28 - Faceoff Wins : 23 - Blocked Shots : 9 - Penalty Minutes : 10
Official
Referees : Furman South and Kelly Sutherland
Linesman : Julien Fournier and Steve Miller
Game Notes
Byron Bitz is injured at 0:07 of 2nd period (Chest/Ribs)
Brendan Gallagher is injured at 5:03 of 2nd period (Lower Body)
Finance
Level 1 -- Attendance: 6000 (100.00%) -- Ticket Income $600,000
Level 2 -- Attendance: 5000 (100.00%) -- Ticket Income $300,000
Level 3 -- Attendance: 1822 (91.10%) -- Ticket Income $63,770
Level 4 -- Attendance: 4000 (100.00%) -- Ticket Income $100,000
Luxury Box -- Attendance: 1000 (100.00%) -- Ticket Income $200,000
Game was played at the Centre Canadian Tire.
Total Attendance: 17822 (99.01%)
Total Ticket Income: $1,263,770
Other Income: $189,566
Total Income: $1,453,336
Predators
5 vs 5 Forward
Center Left Wing Right Wing Time % Phy DF OF
1 Andy Miele Alexander Ovechkin Mikael Granlund 40 1 2 2
2 Ryan Kesler Jaden Schwartz Brendan Gallagher 30 1 2 2
3 Scott Laughton Justin Abdelkader Mark Pysyk 20 1 2 2
4 Anton Gustafsson Chris Higgins Byron Bitz 10 1 2 2
5 vs 5 Defense
Defense Defense Time % Phy DF OF
1 Ryan Mcdonagh Alexander Edler 40 1 2 2
2 John Moore Justin Faulk 30 1 2 2
3 Nate Schmidt Brandon Gormley 20 1 2 2
4 Ryan Mcdonagh Alexander Edler 10 1 2 2
PowerPlay Forward
Center Left Wing Right Wing Time % Phy DF OF
1 Andy Miele Alexander Ovechkin Mikael Granlund 60 1 1 3
2 Ryan Kesler Jaden Schwartz Brendan Gallagher 40 1 1 3
PowerPlay Defense
Defense Defense Time % Phy DF OF
1 Ryan Mcdonagh Alexander Edler 60 1 1 3
2 John Moore Justin Faulk 40 1 1 3
Penalty Kill 4 Players Forward
Center Wing Time % Phy DF OF
1 Andy Miele Mark Pysyk 60 1 2 2
2 Jaden Schwartz Brendan Gallagher 40 1 2 2
Penalty Kill 4 Players Defense
Defense Defense Time % Phy DF OF
1 Ryan Mcdonagh Alexander Edler 60 1 2 2
2 John Moore Justin Faulk 40 1 2 2
Penalty Kill - 3 Players Forward
Forward Time % Phy DF OF
1 Jaden Schwartz 60 1 2 2
2 Byron Bitz 40 1 2 2
Penalty Kill - 3 Players Defense
Defense Defense Time % Phy DF OF
1 Ryan Mcdonagh Alexander Edler 60 1 3 1
2 John Moore Justin Faulk 40 1 3 1
4 vs 4 Forward
Center Wing Time % Phy DF OF
1 Mikael Granlund Alexander Ovechkin 60 1 2 2
2 Jaden Schwartz Brendan Gallagher 40 1 2 2
4 vs 4 Defense
Defense Defense Time % Phy DF OF
1 Ryan Mcdonagh Alexander Edler 60 1 2 2
2 John Moore Justin Faulk 40 1 2 2
Last Minutes Offensive
Center Left Wing Right Wing Defense Defense
Ryan Kesler Alexander Ovechkin Mikael Granlund Ryan Mcdonagh Alexander Edler
Last Minutes Defensive
Center Left Wing Right Wing Defense Defense
Andy Miele Jaden Schwartz Mark Pysyk Ryan Mcdonagh John Moore
Goaltenders
Starting : Kari Lehtonen
Backup : Jaroslav Halak
Extra Forwards
Normal : Scott Laughton, Ryan Kesler, Byron Bitz - PP : Scott Laughton, Justin Abdelkader - PK : Byron Bitz
Extra Defensemen
Normal : Justin Faulk, Brandon Gormley, Nate Schmidt - PP : Brandon Gormley - PK : Nate Schmidt, Brandon Gormley
Penalty Shots
Alexander Ovechkin, Mikael Granlund, Jaden Schwartz, Ryan Kesler, Ryan Mcdonagh
Scratches
Jack Eichel (Bruised Right Arm Injury)
Senateurs
5 vs 5 Forward
Center Left Wing Right Wing Time % Phy DF OF
1 Sidney Crosby Matt Martin Reilly Smith 35 1 2 2
2 Peter Mueller Derek Boogaard Bobby Ryan 25 1 2 2
3 Alexander Wennberg Rostislav Olesz Loui Eriksson 20 1 2 2
4 Brad Richardson Sergei Kostitsyn Rickard Rakell 20 1 2 2
5 vs 5 Defense
Defense Defense Time % Phy DF OF
1 Dion Phaneuf Eric Gelinas 30 2 2 1
2 Cody Franson Brandon Burlon 30 1 2 2
3 Nate Prosser Anthony Bitetto 30 1 2 2
4 Dion Phaneuf Eric Gelinas 10 1 2 2
PowerPlay Forward
Center Left Wing Right Wing Time % Phy DF OF
1 Sidney Crosby Matt Martin Reilly Smith 55 1 2 2
2 Alexander Wennberg Rostislav Olesz Rickard Rakell 45 0 2 3
PowerPlay Defense
Defense Defense Time % Phy DF OF
1 Cody Franson Eric Gelinas 60 0 2 3
2 Dion Phaneuf Brandon Burlon 40 1 2 2
Penalty Kill 4 Players Forward
Center Wing Time % Phy DF OF
1 Sidney Crosby Matt Martin 60 1 2 2
2 Peter Mueller Derek Boogaard 40 1 2 2
Penalty Kill 4 Players Defense
Defense Defense Time % Phy DF OF
1 Dion Phaneuf Eric Gelinas 60 1 2 2
2 Cody Franson Brandon Burlon 40 1 2 2
Penalty Kill - 3 Players Forward
Forward Time % Phy DF OF
1 Sidney Crosby 60 1 2 2
2 Peter Mueller 40 1 2 2
Penalty Kill - 3 Players Defense
Defense Defense Time % Phy DF OF
1 Dion Phaneuf Eric Gelinas 60 1 2 2
2 Cody Franson Brandon Burlon 40 1 2 2
4 vs 4 Forward
Center Wing Time % Phy DF OF
1 Sidney Crosby Matt Martin 60 1 2 2
2 Peter Mueller Derek Boogaard 40 1 2 2
4 vs 4 Defense
Defense Defense Time % Phy DF OF
1 Dion Phaneuf Eric Gelinas 60 1 2 2
2 Cody Franson Brandon Burlon 40 1 2 2
Last Minutes Offensive
Center Left Wing Right Wing Defense Defense
Sidney Crosby Matt Martin Reilly Smith Dion Phaneuf Eric Gelinas
Last Minutes Defensive
Center Left Wing Right Wing Defense Defense
Sidney Crosby Matt Martin Bobby Ryan Dion Phaneuf Eric Gelinas
Goaltenders
Starting : Viktor Fasth
Backup : Brian Elliott
Extra Forwards
Normal : Reilly Smith, Loui Eriksson, Rostislav Olesz - PP : Reilly Smith, Loui Eriksson - PK : Reilly Smith
Extra Defensemen
Normal : Brandon Burlon, Nate Prosser, Anthony Bitetto - PP : Brandon Burlon - PK : Brandon Burlon, Nate Prosser
Penalty Shots
Sidney Crosby, Matt Martin, Derek Boogaard, Bobby Ryan, Reilly Smith
Scratches
Nick Foligno (Healthy), T.J. Fast (Healthy)
% Time on Ice - Predators
Lines # - Real PCT - Wanted PCT - Time Play
Normal Forward
1 - 29% - 40% - 10:12
2 - 32% - 30% - 11:11
3 - 18% - 20% - 6:11
4 - 22% - 10% - 7:39
Normal Defense
1 - 36% - 40% - 12:31
2 - 32% - 30% - 11:11
3 - 28% - 20% - 9:56
4 - 4% - 10% - 1:35
PP Forward
1 - 57% - 60% - 5:30
2 - 43% - 40% - 4:09
PP Defense
1 - 67% - 60% - 6:30
2 - 33% - 40% - 3:09
PK Forward
1 - 67% - 60% - 9:57
2 - 33% - 40% - 4:50
PK Defense
1 - 57% - 60% - 8:30
2 - 43% - 40% - 6:17
PK3 Forward
1 - 0% - 60%
2 - 0% - 40%
PK3 Defense
1 - 0% - 60%
2 - 0% - 40%
44 Forward
1 - 0% - 60%
2 - 0% - 40%
44 Defense
1 - 0% - 60%
2 - 0% - 40%
Last Minute Offensive - 0:00
Last Minute Defensive - 0:21
Total
Forward - 60:00
Defense - 60:00
|
% Time on Ice - Senateurs
Lines # - Real PCT - Wanted PCT - Time Play
Normal Forward
1 - 26% - 35% - 9:17
2 - 31% - 25% - 11:02
3 - 22% - 20% - 7:46
4 - 21% - 20% - 7:26
Normal Defense
1 - 33% - 30% - 11:42
2 - 30% - 30% - 10:39
3 - 33% - 30% - 11:42
4 - 4% - 10% - 1:28
PP Forward
1 - 56% - 55% - 8:14
2 - 44% - 45% - 6:33
PP Defense
1 - 59% - 60% - 8:46
2 - 41% - 40% - 6:01
PK Forward
1 - 77% - 60% - 7:12
2 - 23% - 40% - 2:11
PK Defense
1 - 68% - 60% - 6:25
2 - 32% - 40% - 2:58
PK3 Forward
1 - 100% - 60% - 0:16
2 - 0% - 40% - 0:00
PK3 Defense
1 - 100% - 60% - 0:16
2 - 0% - 40% - 0:00
44 Forward
1 - 0% - 60%
2 - 0% - 40%
44 Defense
1 - 0% - 60%
2 - 0% - 40%
Last Minute Offensive - 0:03
Last Minute Defensive - 0:00
Total
Forward - 60:00
Defense - 60:00
|
Play-by-Play
1st period
0:01 of 1st period - Andy Miele wins face-off versus Sidney Crosby in neutral zone.
0:50 of 1st period - Icing by Cody Franson.
0:51 of 1st period - Alexander Wennberg wins face-off versus Justin Abdelkader in Senateurs zone.
1:50 of 1st period - Backhand shot by Alexander Ovechkin.
1:50 of 1st period - Goal by Alexander Ovechkin - Predators : 1 - Senateurs : 0.
1:51 of 1st period - Ryan Kesler wins face-off versus Sidney Crosby in neutral zone.
2:16 of 1st period - Nate Schmidt is hit by Anthony Bitetto and loses puck.
3:13 of 1st period - Wrist shot by Brendan Gallagher.
3:13 of 1st period - Stopped by Viktor Fasth with a rebound.
3:47 of 1st period - Brad Richardson is hit by Mikael Granlund and loses puck.
4:09 of 1st period - Snap shot by Rickard Rakell.
4:09 of 1st period - Shot Blocked by Byron Bitz.
4:38 of 1st period - Jaden Schwartz is hit by Dion Phaneuf and loses puck.
4:52 of 1st period - Off-side.
4:53 of 1st period - Scott Laughton wins face-off versus Peter Mueller in neutral zone.
5:05 of 1st period - Snap shot by Scott Laughton.
5:05 of 1st period - Shot Misses the Net.
5:07 of 1st period - Wrist shot by Justin Abdelkader.
5:07 of 1st period - Stopped by Viktor Fasth with a rebound.
5:09 of 1st period - Slapshot by Ryan Mcdonagh.
5:09 of 1st period - Deflect By Justin Abdelkader.
5:09 of 1st period - Shot Misses the Net.
5:09 of 1st period - Puck is out of play.
5:10 of 1st period - Sidney Crosby wins face-off versus Andy Miele in Senateurs zone.
5:27 of 1st period - Wrist shot by Alexander Ovechkin.
5:27 of 1st period - Deflect By Matt Martin.
5:27 of 1st period - Shot Misses the Net.
5:27 of 1st period - Puck is out of play.
5:28 of 1st period - Ryan Kesler wins face-off versus Brad Richardson in Senateurs zone.
5:55 of 1st period - Eric Gelinas is hit by Alexander Edler and loses puck.
6:06 of 1st period - Wrist shot by Alexander Ovechkin.
6:06 of 1st period - Shot Misses the Net.
6:42 of 1st period - Snap shot by Loui Eriksson.
6:42 of 1st period - Stopped by Kari Lehtonen without a rebound.
6:43 of 1st period - Andy Miele wins face-off versus Sidney Crosby in Predators zone.
6:56 of 1st period - Snap shot by Alexander Ovechkin.
6:56 of 1st period - Shot Blocked by Cody Franson.
6:58 of 1st period - Backhand shot by Ryan Mcdonagh.
6:58 of 1st period - Stopped by Viktor Fasth with a rebound.
7:00 of 1st period - Backhand shot by Ryan Mcdonagh.
7:00 of 1st period - Deflect By Mikael Granlund.
7:00 of 1st period - Stopped by Viktor Fasth without a rebound.
7:01 of 1st period - Ryan Kesler wins face-off versus Peter Mueller in Senateurs zone.
7:44 of 1st period - Minor Penalty to Alexander Edler for Boarding.
7:45 of 1st period - Andy Miele wins face-off versus Sidney Crosby in Predators zone.
9:44 of 1st period - Penalty to Alexander Edler is over, Alexander Edler is back on ice.
10:00 of 1st period - Slapshot by Alexander Edler.
10:00 of 1st period - Deflect By Mark Pysyk.
10:00 of 1st period - Stopped by Viktor Fasth without a rebound.
10:01 of 1st period - Ryan Kesler wins face-off versus Peter Mueller in Senateurs zone.
11:17 of 1st period - Matt Martin is hit by Chris Higgins and loses puck.
11:34 of 1st period - Wrist shot by Mikael Granlund.
11:34 of 1st period - Shot Blocked by Nate Prosser.
11:44 of 1st period - Andy Miele is hit by Bobby Ryan and loses puck.
11:57 of 1st period - Wrist shot by Justin Abdelkader.
11:57 of 1st period - Shot Misses the Net.
12:07 of 1st period - Justin Abdelkader is hit by Rickard Rakell and loses puck.
12:28 of 1st period - Snap shot by Justin Abdelkader.
12:28 of 1st period - Shot Misses the Net.
13:12 of 1st period - Snap shot by Rostislav Olesz.
13:12 of 1st period - Shot Misses the Net.
13:14 of 1st period - Slapshot by Eric Gelinas.
13:14 of 1st period - Stopped by Kari Lehtonen without a rebound.
13:15 of 1st period - Andy Miele wins face-off versus Sidney Crosby in Predators zone.
13:15 of 1st period - Andy Miele is hit by Matt Martin.
13:26 of 1st period - Off-side.
13:27 of 1st period - Andy Miele wins face-off versus Sidney Crosby in neutral zone.
13:42 of 1st period - Snap shot by Alexander Ovechkin.
13:42 of 1st period - Stopped by Viktor Fasth without a rebound.
13:43 of 1st period - Ryan Kesler wins face-off versus Brad Richardson in Senateurs zone.
13:58 of 1st period - Snap shot by Brendan Gallagher.
13:58 of 1st period - Stopped by Viktor Fasth without a rebound.
13:59 of 1st period - Andy Miele wins face-off versus Sidney Crosby in Senateurs zone.
14:00 of 1st period - Wrist shot by Mikael Granlund.
14:00 of 1st period - Goal by Mikael Granlund - Predators : 2 - Senateurs : 0.
14:01 of 1st period - Sidney Crosby wins face-off versus Mikael Granlund in neutral zone.
14:08 of 1st period - Wrist shot by Reilly Smith.
14:08 of 1st period - Stopped by Kari Lehtonen with a rebound.
14:18 of 1st period - Wrist shot by Matt Martin.
14:18 of 1st period - Shot Misses the Net.
14:28 of 1st period - Dion Phaneuf is hit by Brendan Gallagher and loses puck.
14:54 of 1st period - Off-side.
14:55 of 1st period - Scott Laughton wins face-off versus Brad Richardson in neutral zone.
15:10 of 1st period - Snap shot by Scott Laughton.
15:10 of 1st period - Shot Hit the Post.
15:18 of 1st period - Snap shot by Brad Richardson.
15:18 of 1st period - Stopped by Kari Lehtonen without a rebound.
15:19 of 1st period - Andy Miele wins face-off versus Sidney Crosby in Predators zone.
15:19 of 1st period - Andy Miele is hit by Matt Martin.
15:47 of 1st period - Jaden Schwartz is hit by Cody Franson and loses puck.
15:58 of 1st period - Wrist shot by Derek Boogaard.
15:58 of 1st period - Shot Misses the Net.
16:05 of 1st period - Icing by Brendan Gallagher.
16:06 of 1st period - Alexander Wennberg wins face-off versus Anton Gustafsson in Predators zone.
16:07 of 1st period - Slapshot by Rostislav Olesz.
16:07 of 1st period - Shot Blocked by Anton Gustafsson.
16:37 of 1st period - Wrist shot by Sidney Crosby.
16:37 of 1st period - Shot Misses the Net.
16:47 of 1st period - John Moore is hit by Reilly Smith.
17:44 of 1st period - Icing by Loui Eriksson.
17:45 of 1st period - Anton Gustafsson wins face-off versus Alexander Wennberg in Senateurs zone.
18:10 of 1st period - Snap shot by Alexander Wennberg.
18:10 of 1st period - Shot Misses the Net.
18:12 of 1st period - Snap shot by Dion Phaneuf.
18:12 of 1st period - Deflect By Ryan Mcdonagh.
18:12 of 1st period - Stopped by Kari Lehtonen with a rebound.
18:14 of 1st period - Slapshot by Eric Gelinas.
18:14 of 1st period - Stopped by Kari Lehtonen with a rebound.
18:22 of 1st period - Slapshot by Dion Phaneuf.
18:22 of 1st period - Shot Blocked by Alexander Edler.
18:24 of 1st period - Slapshot by Rostislav Olesz.
18:24 of 1st period - Shot Misses the Net.
18:34 of 1st period - Wrist shot by Rostislav Olesz.
18:34 of 1st period - Shot Misses the Net.
18:38 of 1st period - Wrist shot by Alexander Wennberg.
18:38 of 1st period - Goal by Alexander Wennberg - Predators : 2 - Senateurs : 1.
18:39 of 1st period - Andy Miele wins face-off versus Matt Martin in neutral zone.
19:08 of 1st period - John Moore is hit by Brandon Burlon and loses puck.
19:40 of 1st period - Off-side.
19:41 of 1st period - Andy Miele wins face-off versus Sidney Crosby in neutral zone.
Goals for this period are 2 for Predators vs 1 for Senateurs.
Shots for this period are 9 for Predators vs 7 for Senateurs.
2nd period
0:01 of 2nd period - Sidney Crosby wins face-off versus Andy Miele in neutral zone.
0:04 of 2nd period - Slapshot by Cody Franson.
0:04 of 2nd period - Shot Blocked by Ryan Mcdonagh.
0:05 of 2nd period - Minor Penalty to Andy Miele for Hooking.
0:06 of 2nd period - Byron Bitz wins face-off versus Sidney Crosby in Predators zone.
0:06 of 2nd period - Byron Bitz is hit by Reilly Smith.
0:07 of 2nd period - Byron Bitz from Predators is injured at 0:07 of 2nd period (Chest/Ribs).
0:08 of 2nd period - Anton Gustafsson wins face-off versus Sidney Crosby in Predators zone.
0:51 of 2nd period - Snap shot by Rickard Rakell.
0:51 of 2nd period - Shot Misses the Net.
1:19 of 2nd period - Justin Faulk is hit by Alexander Wennberg and loses puck.
2:05 of 2nd period - Penalty to Andy Miele is over, Andy Miele is back on ice.
2:18 of 2nd period - Icing by Mark Pysyk.
2:19 of 2nd period - Peter Mueller wins face-off versus Mikael Granlund in Predators zone.
2:38 of 2nd period - Wrist shot by Peter Mueller.
2:38 of 2nd period - Shot Blocked by Brandon Gormley.
2:48 of 2nd period - Snap shot by Bobby Ryan.
2:48 of 2nd period - Stopped by Kari Lehtonen without a rebound.
2:49 of 2nd period - Ryan Kesler wins face-off versus Sidney Crosby in Predators zone.
2:49 of 2nd period - Ryan Kesler is hit by Cody Franson.
3:36 of 2nd period - Minor Penalty to Justin Faulk for Tripping.
3:37 of 2nd period - Sidney Crosby wins face-off versus Andy Miele in Predators zone.
3:48 of 2nd period - Wrist shot by Sidney Crosby.
3:48 of 2nd period - Stopped by Kari Lehtonen with a rebound.
4:39 of 2nd period - John Moore is hit by Rostislav Olesz and loses puck.
5:02 of 2nd period - Brendan Gallagher is hit by Rostislav Olesz and loses puck.
5:03 of 2nd period - Brendan Gallagher from Predators is injured at 5:03 of 2nd period (Lower Body).
5:04 of 2nd period - Reilly Smith wins face-off versus Andy Miele in Predators zone.
5:17 of 2nd period - Wrist shot by Sidney Crosby.
5:17 of 2nd period - Stopped by Kari Lehtonen with a rebound.
5:19 of 2nd period - Snap shot by Reilly Smith.
5:19 of 2nd period - Stopped by Kari Lehtonen with a rebound.
5:36 of 2nd period - Penalty to Justin Faulk is over, Justin Faulk is back on ice.
5:39 of 2nd period - Wrist shot by Rickard Rakell.
5:39 of 2nd period - Shot Misses the Net.
5:59 of 2nd period - Wrist shot by Jaden Schwartz.
5:59 of 2nd period - Stopped by Viktor Fasth with a rebound.
6:50 of 2nd period - Minor Penalty to Chris Higgins for Hooking.
6:51 of 2nd period - Sidney Crosby wins face-off versus Mark Pysyk in Predators zone.
7:18 of 2nd period - Rostislav Olesz is hit by Alexander Ovechkin.
7:42 of 2nd period - John Moore is hit by Reilly Smith and loses puck.
8:11 of 2nd period - Alexander Edler is hit by Rickard Rakell and loses puck.
8:50 of 2nd period - Penalty to Chris Higgins is over, Chris Higgins is back on ice.
9:15 of 2nd period - Snap shot by Chris Higgins.
9:15 of 2nd period - Deflect By Andy Miele.
9:15 of 2nd period - Goal by Andy Miele - Predators : 3 - Senateurs : 1.
9:16 of 2nd period - Brad Richardson wins face-off versus Ryan Kesler in neutral zone.
9:21 of 2nd period - Wrist shot by Rickard Rakell.
9:21 of 2nd period - Stopped by Kari Lehtonen without a rebound.
9:22 of 2nd period - Ryan Kesler wins face-off versus Rickard Rakell in Predators zone.
9:27 of 2nd period - Snap shot by Ryan Kesler.
9:27 of 2nd period - Stopped by Viktor Fasth without a rebound.
9:28 of 2nd period - Andy Miele wins face-off versus Sidney Crosby in Senateurs zone.
9:30 of 2nd period - Minor Penalty to Alexander Ovechkin for Tripping.
9:31 of 2nd period - Andy Miele wins face-off versus Sidney Crosby in Predators zone.
10:07 of 2nd period - Wrist shot by Rickard Rakell.
10:07 of 2nd period - Stopped by Kari Lehtonen with a rebound.
10:25 of 2nd period - John Moore is hit by Matt Martin and loses puck.
11:30 of 2nd period - Penalty to Alexander Ovechkin is over, Alexander Ovechkin is back on ice.
11:31 of 2nd period - Alexander Ovechkin is hit by Loui Eriksson and loses puck.
13:44 of 2nd period - Justin Abdelkader is hit by Loui Eriksson and loses puck.
15:10 of 2nd period - Justin Abdelkader is hit by Loui Eriksson and loses puck.
15:15 of 2nd period - Snap shot by Rostislav Olesz.
15:15 of 2nd period - Stopped by Kari Lehtonen with a rebound.
15:17 of 2nd period - Snap shot by Rostislav Olesz.
15:17 of 2nd period - Stopped by Kari Lehtonen without a rebound.
15:18 of 2nd period - Peter Mueller wins face-off versus Mikael Granlund in Predators zone.
15:21 of 2nd period - Wrist shot by Derek Boogaard.
15:21 of 2nd period - Stopped by Kari Lehtonen without a rebound.
15:22 of 2nd period - Andy Miele wins face-off versus Peter Mueller in Predators zone.
15:22 of 2nd period - Andy Miele is hit by Cody Franson.
15:42 of 2nd period - Minor Penalty to Bobby Ryan for Delaying the game.
15:43 of 2nd period - Andy Miele wins face-off versus Sidney Crosby in Senateurs zone.
17:42 of 2nd period - Penalty to Bobby Ryan is over, Bobby Ryan is back on ice.
18:44 of 2nd period - Backhand shot by Alexander Wennberg.
18:44 of 2nd period - Goal by Alexander Wennberg - Predators : 3 - Senateurs : 2.
18:45 of 2nd period - Andy Miele wins face-off versus Sidney Crosby in neutral zone.
19:01 of 2nd period - Wrist shot by Mikael Granlund.
19:01 of 2nd period - Deflect By Alexander Ovechkin.
19:01 of 2nd period - Shot Blocked by Anthony Bitetto.
19:01 of 2nd period - Puck is out of play.
19:02 of 2nd period - Ryan Kesler wins face-off versus Alexander Wennberg in Senateurs zone.
19:07 of 2nd period - Snap shot by Jaden Schwartz.
19:07 of 2nd period - Stopped by Viktor Fasth with a rebound.
19:09 of 2nd period - Snap shot by Ryan Kesler.
19:09 of 2nd period - Stopped by Viktor Fasth without a rebound.
19:10 of 2nd period - Alexander Wennberg wins face-off versus Ryan Kesler in Senateurs zone.
19:12 of 2nd period - Minor Penalty to Dion Phaneuf for Roughing.
19:13 of 2nd period - Sidney Crosby wins face-off versus Andy Miele in Senateurs zone.
19:13 of 2nd period - Sidney Crosby is hit by Mikael Granlund.
19:24 of 2nd period - Wrist shot by Mikael Granlund.
19:24 of 2nd period - Shot Misses the Net.
19:26 of 2nd period - Snap shot by Mikael Granlund.
19:26 of 2nd period - Stopped by Viktor Fasth with a rebound.
19:45 of 2nd period - Snap shot by Ryan Mcdonagh.
19:45 of 2nd period - Shot Misses the Net.
19:47 of 2nd period - Wrist shot by Jaden Schwartz.
19:47 of 2nd period - Shot Misses the Net.
19:49 of 2nd period - Slapshot by Alexander Edler.
19:49 of 2nd period - Deflect By Scott Laughton.
19:49 of 2nd period - Shot Blocked by Brandon Burlon.
19:49 of 2nd period - Puck is out of play.
19:50 of 2nd period - Andy Miele wins face-off versus Peter Mueller in Senateurs zone.
19:59 of 2nd period - Snap shot by Mikael Granlund.
19:59 of 2nd period - Shot Hit the Post.
Goals for this period are 1 for Predators vs 1 for Senateurs.
Shots for this period are 6 for Predators vs 10 for Senateurs.
3rd period
0:01 of 3rd period - Andy Miele wins face-off versus Matt Martin in neutral zone.
0:08 of 3rd period - Snap shot by Andy Miele.
0:08 of 3rd period - Stopped by Viktor Fasth without a rebound.
0:09 of 3rd period - Andy Miele wins face-off versus Sidney Crosby in Senateurs zone.
0:56 of 3rd period - Wrist shot by Jaden Schwartz.
0:56 of 3rd period - Shot Misses the Net.
1:12 of 3rd period - Penalty to Dion Phaneuf is over, Dion Phaneuf is back on ice.
1:22 of 3rd period - Wrist shot by Chris Higgins.
1:22 of 3rd period - Stopped by Viktor Fasth with a rebound.
2:08 of 3rd period - Snap shot by Rostislav Olesz.
2:08 of 3rd period - Shot Misses the Net.
2:32 of 3rd period - Nate Schmidt is hit by Sidney Crosby and loses puck.
3:22 of 3rd period - Wrist shot by Rickard Rakell.
3:22 of 3rd period - Shot Blocked by Ryan Mcdonagh.
3:59 of 3rd period - Justin Faulk is hit by Matt Martin and loses puck.
4:42 of 3rd period - Nate Schmidt is hit by Cody Franson and loses puck.
5:17 of 3rd period - Minor Penalty to Dion Phaneuf for Tripping.
5:18 of 3rd period - Andy Miele wins face-off versus Sidney Crosby in Senateurs zone.
5:23 of 3rd period - Snap shot by Andy Miele.
5:23 of 3rd period - Shot Blocked by Brandon Burlon.
5:25 of 3rd period - Snap shot by Mikael Granlund.
5:25 of 3rd period - Shot Blocked by Brandon Burlon.
5:27 of 3rd period - Slapshot by Ryan Mcdonagh.
5:27 of 3rd period - Deflect By Mikael Granlund.
5:27 of 3rd period - Shot Misses the Net.
5:27 of 3rd period - Puck is out of play.
5:28 of 3rd period - Sidney Crosby wins face-off versus Andy Miele in Senateurs zone.
6:05 of 3rd period - Wrist shot by Mikael Granlund.
6:05 of 3rd period - Shot Misses the Net.
6:07 of 3rd period - Slapshot by Alexander Edler.
6:07 of 3rd period - Shot Blocked by Brandon Burlon.
6:09 of 3rd period - Wrist shot by Mikael Granlund.
6:09 of 3rd period - Shot Misses the Net.
6:11 of 3rd period - Snap shot by Andy Miele.
6:11 of 3rd period - Shot Blocked by Cody Franson.
6:13 of 3rd period - Slapshot by Ryan Mcdonagh.
6:13 of 3rd period - Stopped by Viktor Fasth with a rebound.
6:33 of 3rd period - Slapshot by Alexander Edler.
6:33 of 3rd period - Stopped by Viktor Fasth with a rebound.
7:17 of 3rd period - Penalty to Dion Phaneuf is over, Dion Phaneuf is back on ice.
7:28 of 3rd period - Snap shot by Jaden Schwartz.
7:28 of 3rd period - Shot Blocked by Eric Gelinas.
7:30 of 3rd period - Snap shot by Scott Laughton.
7:30 of 3rd period - Shot Misses the Net.
8:04 of 3rd period - Minor Penalty to Dion Phaneuf for Hooking.
8:05 of 3rd period - Sidney Crosby wins face-off versus Ryan Kesler in Senateurs zone.
9:07 of 3rd period - Reilly Smith is hit by Ryan Kesler and loses puck.
9:47 of 3rd period - Minor Penalty to Nate Prosser for Holding.
9:48 of 3rd period - Sidney Crosby wins face-off versus Andy Miele in Senateurs zone.
9:54 of 3rd period - Icing by Alexander Edler.
9:55 of 3rd period - Sidney Crosby wins face-off versus Andy Miele in Predators zone.
10:04 of 3rd period - Penalty to Dion Phaneuf is over, Dion Phaneuf is back on ice.
10:04 of 3rd period - Snap shot by Sidney Crosby.
10:04 of 3rd period - Deflect By Dion Phaneuf.
10:04 of 3rd period - Stopped by Kari Lehtonen with a rebound.
11:04 of 3rd period - Matt Martin is hit by Jaden Schwartz and loses puck.
11:47 of 3rd period - Penalty to Nate Prosser is over, Nate Prosser is back on ice.
12:04 of 3rd period - Snap shot by Loui Eriksson.
12:04 of 3rd period - Stopped by Kari Lehtonen without a rebound.
12:05 of 3rd period - Brad Richardson wins face-off versus Anton Gustafsson in Predators zone.
12:45 of 3rd period - Slapshot by Nate Prosser.
12:45 of 3rd period - Shot Hit the Post.
12:47 of 3rd period - Wrist shot by Sidney Crosby.
12:47 of 3rd period - Stopped by Kari Lehtonen without a rebound.
12:48 of 3rd period - Sidney Crosby wins face-off versus Scott Laughton in Predators zone.
12:50 of 3rd period - Minor Penalty to Justin Faulk for Hooking.
12:51 of 3rd period - Matt Martin wins face-off versus Andy Miele in Predators zone.
12:57 of 3rd period - Snap shot by Matt Martin.
12:57 of 3rd period - Stopped by Kari Lehtonen with a rebound.
13:01 of 3rd period - Wrist shot by Sidney Crosby.
13:01 of 3rd period - Shot Misses the Net.
13:03 of 3rd period - Slapshot by Cody Franson.
13:03 of 3rd period - Stopped by Kari Lehtonen with a rebound.
13:05 of 3rd period - Slapshot by Eric Gelinas.
13:05 of 3rd period - Stopped by Kari Lehtonen without a rebound.
13:06 of 3rd period - Sidney Crosby wins face-off versus Andy Miele in Predators zone.
13:07 of 3rd period - Wrist shot by Reilly Smith.
13:07 of 3rd period - Shot Blocked by Mark Pysyk.
13:09 of 3rd period - Slapshot by Eric Gelinas.
13:09 of 3rd period - Stopped by Kari Lehtonen with a rebound.
13:11 of 3rd period - Wrist shot by Sidney Crosby.
13:11 of 3rd period - Stopped by Kari Lehtonen with a rebound.
13:13 of 3rd period - Slapshot by Reilly Smith.
13:13 of 3rd period - Stopped by Kari Lehtonen without a rebound.
13:14 of 3rd period - Andy Miele wins face-off versus Sidney Crosby in Predators zone.
13:33 of 3rd period - Snap shot by Eric Gelinas.
13:33 of 3rd period - Stopped by Kari Lehtonen with a rebound.
13:45 of 3rd period - Snap shot by Cody Franson.
13:45 of 3rd period - Stopped by Kari Lehtonen without a rebound.
13:46 of 3rd period - Jaden Schwartz wins face-off versus Alexander Wennberg in Predators zone.
14:20 of 3rd period - Off-side.
14:21 of 3rd period - Sidney Crosby wins face-off versus Andy Miele in neutral zone.
14:48 of 3rd period - Rostislav Olesz is hit by Jaden Schwartz and loses puck.
14:50 of 3rd period - Penalty to Justin Faulk is over, Justin Faulk is back on ice.
15:05 of 3rd period - Slapshot by Justin Faulk.
15:05 of 3rd period - Stopped by Viktor Fasth without a rebound.
15:06 of 3rd period - Sidney Crosby wins face-off versus Justin Abdelkader in Senateurs zone.
15:14 of 3rd period - Minor Penalty to Justin Abdelkader for Holding.
15:15 of 3rd period - Andy Miele wins face-off versus Sidney Crosby in Predators zone.
15:42 of 3rd period - Alexander Edler is hit by Rostislav Olesz and loses puck.
16:25 of 3rd period - Ryan Mcdonagh is hit by Sidney Crosby and loses puck.
17:14 of 3rd period - Penalty to Justin Abdelkader is over, Justin Abdelkader is back on ice.
17:16 of 3rd period - Reilly Smith is hit by Justin Faulk.
17:34 of 3rd period - Brandon Burlon is hit by Jaden Schwartz and loses puck.
18:52 of 3rd period - Alexander Wennberg is hit by Justin Faulk and loses puck.
19:05 of 3rd period - Minor Penalty to Anton Gustafsson for High sticking.
19:06 of 3rd period - Mark Pysyk wins face-off versus Alexander Wennberg in Predators zone.
19:06 of 3rd period - Mark Pysyk is hit by Cody Franson.
19:20 of 3rd period - Senateurs, Viktor Fasth is pulled from the net.
19:30 of 3rd period - Andy Miele is hit by Cody Franson.
Goals for this period are 0 for Predators vs 0 for Senateurs.
Shots for this period are 5 for Predators vs 11 for Senateurs.